 Dungeon Crawl Stone Soup version 0.28-a0-461-g2dc4ca5097 (webtiles) character file.

Game seed: 8953149323130818560

1415 Zenkrye the Cleaver (level 8, -7/62 HPs)
             Began as a Palentonga Abyssal Knight on Sept 13, 2021.
             Was a Priest of Lugonu.
             Killed from afar by Dowan (20 damage)
             ... with a stone arrow
             ... on level 6 of the Dungeon.
             The game lasted 00:14:46 (6981 turns).

Zenkrye the Cleaver (Palentonga Abyssal Knight)     Turns: 6981, Time: 00:14:46

Health: -7/62      AC: 18    Str: 17    XL:     8   Next: 43%
Magic:  9/12       EV:  5    Int: 14    God:    Lugonu [***...]
Gold:   302        SH:  0    Dex:  9    Spells: 7/7 levels left

rFire   . . .      SeeInvis +   a - +1 hand axe
rCold   . . .      Faith    .   (no shield)
rNeg    . . .      Spirit   .   p - +0 chain mail
rPois   .          Reflect  .   z - +0 helmet
rElec   .          Harm     .   D - +0 cloak
rCorr   .          Rampage  .   n - +1 pair of gloves
Will    .....                   (no barding)
Stlth   ..........              (no amulet)
HPRegen 0.20/turn               (no ring)
MPRegen 0.13/turn               (no ring)

@: curled up
A: large, rugged brown scales 3, see invisible, deformed body, roll 1, armoured
tail, reflexive curl
a: Rolling Charge, Renounce Religion, Depart the Abyss, Bend Space, Banish


You were on level 6 of the Dungeon.
You worshipped Lugonu.
Lugonu was most pleased with you.
You visited 1 branch of the dungeon, and saw 6 of its levels.
You visited the Abyss 1 time.

You collected 302 gold pieces.

Inventory:

Hand Weapons
 a - a +1 hand axe (weapon)
 d - a +0 hunting sling {@w2}
Missiles
 e - 10 poisoned darts
 h - 62 sling bullets
 o - 4 javelins (quivered)
Armour
 b - a +0 leather armour
 c - a +0 ring mail
 j - a +0 plate armour
 n - a +1 pair of gloves (worn)
 p - a +0 chain mail (worn)
 z - a +0 helmet (worn)
 B - a +0 kite shield
 D - a +0 cloak (worn)
Jewellery
 t - a +6 ring of intelligence
Wands
 q - a wand of acid (4) {@v2}
 r - a wand of paralysis (1)
 A - a wand of flame (9)
 F - a wand of iceblast (7) {@v4}
Scrolls
 f - a scroll of fog
 s - 2 scrolls of immolation
 v - a scroll of magic mapping
 w - 2 scrolls of teleportation {@r3}
 y - a scroll of fear {unknown}
 E - a scroll of enchant weapon {unknown}
Potions
 m - a potion of attraction {unknown}
 u - 2 potions of resistance {unknown}
 x - a potion of invisibility
 C - a potion of cancellation
 G - 3 potions of degeneration {unknown}


   Skills:
 - Level 3.0 Fighting
 * Level 8.1 Axes
 - Level 1.5 Armour
 - Level 0.7 Dodging
 + Level 3.1 Shields
 + Level 6.3 Invocations


You had 7 spell levels left.
You didn't know any spells.
Your spell library contained the following spells:

 Spells                   Type           Power      Damage    Failure   Level
 Magic Dart               Conj           0%         1d3       99%         1
 Sting                    Tmut/Pois      0%         1d3       99%         1
 Poisonous Vapours        Pois/Air       0%         N/A       100%        2
 Searing Ray              Conj           0%         2d4       100%        2
 Fulminant Prism          Conj/Hex       0%         3d6       100%        4
 Olgreb's Toxic Radiance  Pois           0%         N/A       100%        4


Dungeon Overview and Level Annotations

Branches:
Dungeon (6/15)
 Temple: D:4-7

Altars:
Uskayaw
Zin

Annotations:
D:6 Dowan
Abyss:1 Duvessa


Innate Abilities, Weirdness & Mutations

You are completely covered in rugged brown scales. (AC +3, +7% HP)
You have supernaturally acute eyesight. (SInv)
Armour fits poorly on your strangely shaped body.
You can roll at nearby foes to attack.
You have a long armoured tail.
You curl defensively after being hit.


Message History

Duvessa hits you with a +0 rapier!
You hit Duvessa but do no damage.
Duvessa is moderately wounded.
Duvessa hits you with a +0 rapier.
You hit Duvessa.
Duvessa is moderately wounded.
Duvessa hits you with a +0 rapier.
You barely miss Duvessa.
Duvessa is moderately wounded.
Duvessa hits you but does no damage.
Press: ? - help, Shift-Dir - straight line, f - Duvessa
Aim: Duvessa, wielding a +0 rapier and wearing a +2 leather armour of fire resistance (moderately wounded, chance to affect: 71%)
You fail to use your ability.
Duvessa hits you with a +0 rapier!
* * * LOW HITPOINT WARNING * * *
Press: ? - help, Shift-Dir - straight line, f/p - Duvessa
Aim: Duvessa, wielding a +0 rapier and wearing a +2 leather armour of fire resistance (moderately wounded, chance to affect: 71%)
You fail to use your ability.
Dowan says, "Stay away from my face!"
Duvessa hits you with a +0 rapier.
* * * LOW HITPOINT WARNING * * *
Press: ? - help, Shift-Dir - straight line, f/p - Duvessa
Aim: Duvessa, wielding a +0 rapier and wearing a +2 leather armour of fire resistance (moderately wounded, chance to affect: 71%)
You fail to use your ability.
Duvessa hits you with a +0 rapier.
* * * LOW HITPOINT WARNING * * *
Press: ? - help, Shift-Dir - straight line, f/p - Duvessa
Aim: Duvessa, wielding a +0 rapier and wearing a +2 leather armour of fire resistance (moderately wounded, chance to affect: 71%) Duvessa is devoured by a tear in reality.
Lugonu claims a new guest.
Dowan screams, "No!
No!"
Dowan seems to find hidden reserves of power!
Dowan says, "I will find her!
I will get her back!"
The adder bites you but does no damage.
Your Axes skill increases to level 8!
Dowan says, "She won't be lost forever!"
The adder bites you but does no damage.
Dowan gestures wildly while chanting.
Dowan blinks!
The adder barely misses you.
Dowan points at you and mumbles some strange words.
The stone arrow hits you!!
You die...

..>.... ...# .......
...# ...... #..#
#####...######## ###..##
...##...##.....# ......#
.........#.....#
......#.###......#.....#
........#(#...e.@'.<...#
# #..# #+####..####...#
.##..# #^# #.S########
....e## #.# ##.§.......#
.....#.^#.#^=#.........#
.....##^#.#^##.........#
.....#.^#.#^.#.........#
.....####'####.........#
###........§§..#########


You could see Dowan (fast) and an adder.

Vanquished Creatures
  Sigmund (D:2)
  A shadow (D:5)
  A sky beast (D:6)
  A black bear (D:4)
  A necrophage (D:4)
  An ogre (D:4)
  A howler monkey (D:4)
  A bullfrog zombie (D:6)
  A hound (D:5)
  An orc priest (D:5)
  A bullfrog skeleton (D:5)
  Ijyb (D:3)
  3 iguanas
  A hound skeleton (D:5)
  Robin (D:2)
  A howler monkey zombie (D:5)
  2 adders
  4 gnolls
  A white imp (D:5)
  2 ufetubi (D:4)
  An adder skeleton (D:4)
  3 worms (D:3)
  5 dart slugs
  13 orcs
  10 endoplasms
  3 giant cockroaches
  10 goblins
  10 hobgoblins
  3 quokkas
  7 ball pythons
  4 bats
  2 frilled lizards
  9 kobolds
  3 rats
110 creatures vanquished.

Notes
Turn   | Place    | Note
-------+----------+-------------------------------------------
     0 | Abyss:1  | Zenkrye the Palentonga Abyssal Knight began the quest for
                  | the Orb.
     0 | Abyss:1  | Reached XP level 1. HP: 19/19 MP: 2/2
     4 | D:1      | Escaped the Abyss
   143 | D:1      | Reached XP level 2. HP: 25/25 MP: 3/3
  1365 | D:2      | Reached skill level 3 in Axes
  1588 | D:2      | Noticed Sigmund
  1616 | D:3      | Reached XP level 3. HP: 31/31 MP: 4/4
  1802 | D:3      | Noticed Ijyb
  2071 | D:3      | Found a faded altar of an unknown god.
  2113 | D:3      | Killed Ijyb
  2114 | D:3      | Reached XP level 4. HP: 37/37 MP: 6/6
  2264 | D:3      | Reached skill level 4 in Axes
  2659 | D:3      | Reached ** piety under Lugonu
  3304 | D:2      | Killed Sigmund
  3305 | D:2      | Reached skill level 5 in Axes
  3305 | D:2      | Reached XP level 5. HP: 36/43 MP: 6/8
  3305 | D:2      | Reached XP level 6. HP: 42/50 MP: 6/9
  3457 | D:2      | Noticed Robin
  3470 | D:2      | Killed Robin
  3929 | D:4      | Found a hide-covered altar of Uskayaw.
  4076 | D:4      | Found a glowing silver altar of Zin.
  4369 | D:4      | Reached *** piety under Lugonu
  4569 | D:4      | Reached skill level 6 in Axes
  4909 | D:4      | Reached skill level 1 in Shields
  4909 | D:4      | Gained mutation: You curl defensively after being hit.
                  | [Palentonga growth]
  4909 | D:4      | Reached XP level 7. HP: 55/55 MP: 10/10
  4935 | D:4      | Reached skill level 5 in Invocations
  5289 | D:5      | Entered Level 5 of the Dungeon
  5475 | D:5      | Reached skill level 7 in Axes
  6028 | D:5      | Reached XP level 8. HP: 44/62 MP: 12/12
  6926 | D:6      | Noticed Duvessa
  6946 | D:6      | Noticed Dowan
  6972 | D:6      | Banished Duvessa
  6973 | D:6      | Reached skill level 8 in Axes
  6981 | D:6      | Killed from afar by Dowan

Illustrated notes

Levels and vault maps discovered:
D:1:      wheals_arrival_shading, layout_basic, solitary_fountain
D:2:      minmay_angry_zag, layout_basic, uniq_sigmund, uniq_robin
D:3:      layout_basic, cheibrodos_sewer_entry_bend,
          hellmonk_ecumenical_altar_lost_god, minmay_misc_feat_chi, uniq_ijyb
D:4:      minmay_chambers_of_threes, layout_loops_ring,
          mainiacjoe_overflow_catwalk, mainiacjoe_overflow_paths,
          hangedman_minor_gate_pass
D:5:      layout_loops_ring, water_boxes_lemuel
D:6:      layout_gridville, nicolae_ru_awakened_eye, fiery_altar_vehumet,
          nicolae_dithmenos_the_darkroom, grunt_tough_drop, uniq_duvessa,
          uniq_maggie

Skill      XL: |  1  2  3  4  5  6  7  8 |
---------------+-------------------------+-----
Axes           | 3 5 6 7 8 |  8.1
Invocations    | 3 4 5 6 |  6.3
Shields        | 1 2 3 |  3.1
Fighting       | |  3.0
Armour         | |  1.5
Dodging        | |  0.7

Action                   |  1- 3 |  4- 6 |  7- 9 || total
-------------------------+-------+-------+-------++-------
Melee: Hand axe          |    55 |   195 |   117 ||   367
       Tailslap          |    12 |    19 |    14 ||    45
Throw: Dart              |    59 |    17 |    22 ||    98
       Javelin           |       |       |     4 ||     4
Invok: Banish            |       |     1 |     2 ||     3
 Abil: Rolling Charge    |       |     1 |     2 ||     3
Evoke: Wand              |     2 |     4 |       ||     6
  Use: Scroll            |       |     3 |     8 ||    11
       Potion            |       |     3 |       ||     3
Armor: Leather armour    |     2 |       |       ||     2
       Ring mail         |    15 |       |       ||    15
       Chain mail        |       |   133 |    56 ||   189
Dodge: Dodged            |    17 |    45 |    25 ||    87

Table legend: (Time is in decaauts)
 A = Elapsed time spent in this place.
 B = Non-inter-level travel time spent in this place.
 C = Inter-level travel time spent in this place.
 D = Time resting spent in this place.
 E = Time spent auto-exploring this place.
 F = Levels seen in this place.
 G = Mean time per level.
                   A        B        C        D        E       F      G
               +--------+--------+--------+--------+--------+-----+--------+
         Total |   7020 |   6738 |    282 |    457 |   5227 |   7 | 1002.9 |
       Dungeon |   7016 |   6734 |    282 |    457 |   5227 |   6 | 1169.3 |
         Abyss |      4 |      4 |      0 |      0 |      0 |   1 |    4.0 |
               +--------+--------+--------+--------+--------+-----+--------+

Top non-repeatable levels by time:
     D:4: 1600 daAuts
     D:5: 1553 daAuts
     D:3: 1352 daAuts
     D:1: 1207 daAuts
     D:2: 1169 daAuts
     D:6: 134 daAuts
 Abyss:1: 4 daAuts
